[Event "ICC tourney 1955 (60 10)"]
[Site "Internet Chess Club"]
[Date "2020.08.09"]
[Round "8"]
[White "ajschess05"]
[Black "saiabhi29"]
[Result "0-1"]
[ICCResult "White resigns"]
[WhiteElo "1916"]
[BlackElo "2064"]
[Opening "Queen's pawn, Mason variation"]
[ECO "D00"]
[NIC "QP.08"]
[Time "15:20:38"]
[TimeControl "3600+10"]

1. d4 d5 2. Bf4 Nf6 3. e3 c5 4. Nc3 a6 5. Nf3 Nc6 6. a3 e6 7. Bd3 Bd6 8. Bg3
O-O 9. Ne5 Qc7 10. f4 cxd4 11. exd4 Qb6 12. Nxc6 bxc6 13. Na4 Qc7 14. O-O c5
15. dxc5 Bxc5+ 16. Nxc5 Qxc5+ 17. Kh1 h6 18. f5 exf5 19. Bxf5 Bxf5 20. Rxf5
Rad8 21. Bh4 Rd6 22. Bxf6 Rxf6 23. Rxf6 gxf6 24. Qg4+ Kh8 25. Qf4 Kg7 26.
Rf1 Qb6 27. b3 Re8 28. Qg4+ Kf8 29. Qh5 Re5 30. Qxh6+ Ke7 31. h3 Qd6 32. Qf4
Qc6 33. c4 dxc4 34. bxc4 Re4 35. Qb8 Re2 36. Rf3 f5 37. Qa7+ Ke6 38. Re3+
Rxe3 39. Qxe3+ Kd7 40. Qd3+ Ke7 41. Qd5 Qh6 42. Qb7+ Kf8 43. Qb8+ Kg7 44.
Qb2+ Kf8 45. c5 Qe3 46. c6 f4 47. Qb1 f3 48. c7 fxg2+ 49. Kxg2 Qd2+ 50. Kh1
Qd5+ 51. Kg1 Qc5+ 52. Kg2 Qxc7 53. Qb4+ Kg7 54. Qb3 Qc6+ 55. Kh2 f6 56. Qb2
Qd6+ 57. Kg1 Qc5+ 58. Kh1 a5 59. Qg2+ Kh6 60. Qd2+ Qg5 61. Qd3 Qc5 62. Kg2
Qc6+ 63. Kf2 Qa4 64. Qe3+ Kg6 65. Qd3+ f5 66. Qd6+ Kh5 67. Qg3 Qc2+ 68. Kg1
Qd1+ 69. Kg2 Qd2+ 70. Kg1 Qc1+ 71. Kg2 Qb2+ 72. Kg1 Qd4+ 73. Kg2 a4 74. Qf3+
Kg5 75. Qg3+ Kf6 76. Qf3 Qc4 77. Kg1 Qb3 78. Qc6+ Kg5 79. Qc1+ f4 80. Qc5+
Kh4 81. Qf2+ Kg5 82. Qc5+ Kf6 83. Qd4+ Kf5 84. Qc5+ Ke4 85. Qc6+ Ke3 86.
Qc5+ Ke2 87. Qf2+ Kd1 88. Qf1+ Kc2 89. Qf2+ Kb1 90. Qxf4 Qxa3 91. h4 Qc1+
92. Qxc1+ Kxc1 93. h5 a3 94. h6 a2 95. h7 a1=Q 96. Kf2 Qg7 {White resigns}
0-1

[Event "ICC tourney 1955 (60 10)"]
[Site "Internet Chess Club"]
[Date "2020.08.09"]
[Round "9"]
[White "Lonestarpawn"]
[Black "Goran21"]
[Result "1-0"]
[ICCResult "Black resigns"]
[WhiteElo "2024"]
[BlackElo "2071"]
[Opening "Sicilian: Najdorf, Byrne (English) attack"]
[ECO "B90"]
[NIC "SI.14"]
[Time "18:32:08"]
[TimeControl "3600+10"]

1. e4 c5 2. Nf3 d6 3. d4 cxd4 4. Nxd4 Nf6 5. Nc3 a6 6. Be3 e5 7. Nb3 Be7 8.
f3 Be6 9. Qd2 O-O 10. O-O-O Qc7 11. g4 Nbd7 12. Rg1 b5 13. g5 Nh5 14. Nd5
Bxd5 15. exd5 Nb6 16. Na5 Nxd5 17. Qxd5 Qxa5 18. Bd3 g6 19. Kb1 Rac8 20. Be4
Nf4 21. Bxf4 exf4 22. h4 Rc5 23. Qd3 Rfc8 24. Qe2 Bf8 25. h5 Qb6 26. hxg6
hxg6 27. Bxg6 Re5 28. Be4 d5 29. Bh7+ Kxh7 30. Qxe5 Qc5 31. Rh1+ {Black
resigns} 1-0

[Event "ICC tourney 1955 (60 10)"]
[Site "Internet Chess Club"]
[Date "2020.08.09"]
[Round "9"]
[White "JackFromLost"]
[Black "abi2009"]
[Result "1-0"]
[ICCResult "Black checkmated"]
[WhiteElo "1934"]
[BlackElo "1774"]
[Opening "Queen's pawn, Mason variation"]
[ECO "D00"]
[NIC "QP.08"]
[Time "18:32:08"]
[TimeControl "3600+10"]

1. d4 d5 2. Bf4 Nf6 3. e3 e6 4. Nd2 Be7 5. Ngf3 O-O 6. Bd3 c5 7. c3 Nc6 8.
h3 c4 9. Bc2 b5 10. e4 a5 11. e5 Nd7 12. h4 b4 13. Bxh7+ Kxh7 14. Ng5+ Kg6
15. h5+ Kf5 16. g4+ Kxf4 17. Nh3# {Black checkmated} 1-0

[Event "ICC tourney 1955 (60 10)"]
[Site "Internet Chess Club"]
[Date "2020.08.09"]
[Round "9"]
[White "pangpangba"]
[Black "kaiclc"]
[Result "0-1"]
[ICCResult "White checkmated"]
[WhiteElo "1529"]
[BlackElo "2067"]
[Opening "Sicilian: accelerated fianchetto, modern variation"]
[ECO "B34"]
[NIC "SI.33"]
[Time "18:32:35"]
[TimeControl "3600+10"]

1. e4 c5 2. Nf3 Nc6 3. d4 cxd4 4. Nxd4 g6 5. Nc3 Bg7 6. Be3 Nf6 7. f3 O-O 8.
Qd2 d5 9. O-O-O dxe4 10. fxe4 Ng4 11. Bg1 Nxd4 12. Bxd4 Bh6 13. Qxh6 Nxh6
14. Be3 Ng4 15. Rxd8 Rxd8 16. Bg1 Be6 17. h3 Ne5 18. Bh2 Nc4 19. Nb5 Ne3 20.
Nc7 Rd1# {White checkmated} 0-1

[Event "ICC tourney 1955 (60 10)"]
[Site "Internet Chess Club"]
[Date "2020.08.09"]
[Round "9"]
[White "Joelpaulg"]
[Black "liguowh"]
[Result "1/2-1/2"]
[ICCResult "Game drawn by mutual agreement"]
[WhiteElo "1991"]
[BlackElo "1946"]
[Opening "Sicilian: Canal-Sokolsky (Nimzovich-Rossolimo, Moscow) attack"]
[ECO "B51"]
[NIC "SI.01"]
[Time "18:31:45"]
[TimeControl "3600+10"]

1. e4 c5 2. Nf3 d6 3. Bb5+ Nd7 4. O-O a6 5. Bd3 e6 6. c3 Ngf6 7. Re1 Qc7 8.
Bc2 Be7 9. d4 O-O 10. e5 Nd5 11. Bg5 cxd4 12. Bxe7 Nxe7 13. exd6 Qxd6 14.
Qd3 Nf5 15. Nxd4 Nc5 16. Qh3 g6 17. b4 Nxd4 18. bxc5 Qxc5 19. Qe3 e5 20. Nd2
Ne6 21. Qxc5 Nxc5 22. Rxe5 b6 23. Nc4 Nd7 24. Re7 b5 25. Nd6 Nb6 26. Bb3 Be6
27. Bxe6 fxe6 28. Rxe6 Na4 29. Ne4 Rac8 30. Rc1 a5 31. Re7 b4 32. Rd1 Rfd8
33. Nf6+ Kf8 34. Rde1 bxc3 35. Nxh7+ Kg8 36. Nf6+ Kf8 37. Nd7+ Kg8 38. Nf6+
Kf8 {Game drawn by mutual agreement} 1/2-1/2

[Event "ICC tourney 1955 (60 10)"]
[Site "Internet Chess Club"]
[Date "2020.08.09"]
[Round "9"]
[White "Vish1080"]
[Black "asergeev"]
[Result "1-0"]
[ICCResult "Black checkmated"]
[WhiteElo "1678"]
[BlackElo "1845"]
[Opening "Réti opening"]
[ECO "A05"]
[NIC "QP.11"]
[Time "18:32:10"]
[TimeControl "3600+10"]

1. Nf3 Nf6 2. b3 b6 3. Bb2 Bb7 4. Bxf6 exf6 5. e3 Be7 6. Be2 d6 7. d4 O-O 8.
O-O Nd7 9. c4 c5 10. d5 f5 11. Nbd2 Bf6 12. Rb1 g6 13. Bd3 Re8 14. Qc2 Ne5
15. Nxe5 Bxe5 16. f4 Bg7 17. e4 fxe4 18. Nxe4 Bd4+ 19. Kh1 f5 20. Ng5 Bc8
21. Rbe1 h6 22. Nf3 Bf6 23. Rxe8+ Qxe8 24. Re1 Qf7 25. g4 fxg4 26. Bxg6 Qg7
27. Re8+ Qf8 28. Rxf8+ Kxf8 29. Ne5 dxe5 30. fxe5 Bxe5 31. Qf2+ Ke7 32. Qf7+
Kd6 33. Qf8+ Kc7 34. Qe7+ Bd7 35. Qxe5+ Kb7 36. Bf5 Re8 37. Qg7 Re1+ 38. Kg2
Re2+ 39. Kf1 g3 40. Qxd7+ Ka6 41. Qb5+ Kb7 42. Qc6+ Kb8 43. Qc8#
{Black checkmated}
1-0

[Event "ICC tourney 1955 (60 10)"]
[Site "Internet Chess Club"]
[Date "2020.08.09"]
[Round "9"]
[White "Singireddy"]
[Black "MATEPROOF"]
[Result "1-0"]
[ICCResult "Black resigns"]
[WhiteElo "2023"]
[BlackElo "2152"]
[Opening "Sicilian: Alapin's variation (2.c3)"]
[ECO "B22"]
[NIC "SI.46"]
[Time "18:32:12"]
[TimeControl "3600+10"]

1. e4 c5 2. c3 g6 3. d4 cxd4 4. cxd4 d5 5. exd5 Nf6 6. Nc3 Nxd5 7. Nf3 Bg7
8. Bc4 Nb6 9. Bb3 Nc6 10. O-O O-O 11. d5 Na5 12. h3 Nac4 13. Re1 Bd7 14. Bg5
f6 15. Bf4 Rc8 16. Qe2 Re8 17. Rac1 e5 18. dxe6 Bxe6 19. Rcd1 Bd7 20. Qd3
Rxe1+ 21. Rxe1 Bf5 22. Qxd8+ Rxd8 23. Bc7 Rc8 24. Bxb6 axb6 25. Nd2 Kh8 26.
Nxc4 Bf8 27. g4 Bd3 28. Nxb6 Rc6 29. Nd7 Bb4 30. Re3 Ba6 31. h4 Rd6 32. Re8+
Kg7 33. g5 fxg5 34. hxg5 h6 35. Rg8+ {Black resigns} 1-0

[Event "ICC tourney 1955 (60 10)"]
[Site "Internet Chess Club"]
[Date "2020.08.09"]
[Round "9"]
[White "sichuansy"]
[Black "combusken1123"]
[Result "1-0"]
[ICCResult "Black resigns"]
[WhiteElo "1947"]
[BlackElo "1700"]
[Opening "Sicilian: Canal-Sokolsky (Nimzovich-Rossolimo, Moscow) attack"]
[ECO "B51"]
[NIC "SI.01"]
[Time "18:31:28"]
[TimeControl "3600+10"]

1. Nf3 d6 2. e4 c5 3. Bb5+ Nd7 4. O-O a6 5. Bxd7+ Bxd7 6. Re1 Nf6 7. c3 e6
8. d4 cxd4 9. cxd4 Be7 10. Nc3 O-O 11. e5 Nd5 12. Ne4 dxe5 13. Nxe5 Rc8 14.
Bd2 f6 15. Nd3 Qb6 16. Nec5 Rfd8 17. Qe2 Rc6 18. b4 Bc8 19. a4 Bxc5 20. dxc5
Qa7 21. b5 Rc7 22. b6 Nxb6 23. cxb6 Qxb6 24. Be3 Qd6 25. Red1 Qe7 26. Bb6 e5
27. Bxc7 Qxc7 28. h3 Bf5 29. Nb4 Rc8 30. Nd5 Qc5 31. Qb2 Rd8 32. Nxf6+ gxf6
33. Rxd8+ {Black resigns} 1-0

[Event "ICC tourney 1955 (60 10)"]
[Site "Internet Chess Club"]
[Date "2020.08.09"]
[Round "9"]
[White "chessKingR"]
[Black "salamenceg"]
[Result "1-0"]
[ICCResult "Black resigns"]
[WhiteElo "1837"]
[BlackElo "1064"]
[Opening "Grünfeld: exchange, classical variation"]
[ECO "D87"]
[NIC "GI.05"]
[Time "18:32:44"]
[TimeControl "3600+10"]

1. d4 Nf6 2. c4 g6 3. Nc3 d5 4. cxd5 Nxd5 5. e4 Nxc3 6. bxc3 Bg7 7. Bc4 c5
8. Be3 O-O 9. Ne2 Nc6 10. O-O Qc7 11. Rc1 Rd8 12. Qd2 e5 13. d5 Na5 14. Bd3
f5 15. f3 f4 16. Bf2 c4 17. Bc2 Qe7 18. Rfd1 Qg5 19. Kh1 h5 20. Qe1 Qh6 21.
h4 g5 22. hxg5 Qh7 23. Bh4 Rd6 24. Qf2 Bg4 25. Qc5 Rd7 26. Qxa5 b6 27. Qb5
Rf8 28. Qxc4 Re7 29. d6+ Ref7 30. d7 Rd8 31. Bb3 Qg6 32. Qxf7+ {Black
resigns} 1-0

[Event "ICC tourney 1955 (60 10)"]
[Site "Internet Chess Club"]
[Date "2020.08.09"]
[Round "9"]
[White "piplup0621"]
[Black "clair"]
[Result "1-0"]
[ICCResult "Black resigns"]
[WhiteElo "1910"]
[BlackElo "1710"]
[Opening "Réti opening"]
[ECO "A04"]
[NIC "QP.11"]
[Time "18:32:21"]
[TimeControl "3600+10"]

1. Nf3 g6 2. d4 Bg7 3. c4 e6 4. e4 Ne7 5. Nc3 d5 6. Bg5 dxe4 7. Nxe4 h6 8.
Bf6 O-O 9. Bd3 Nd7 10. Bxg7 Kxg7 11. Qe2 c5 12. O-O-O cxd4 13. Nxd4 Qb6 14.
Bc2 Nc5 15. Nxc5 Qxc5 16. h4 b6 17. h5 g5 18. Qe4 Nf5 19. Nxf5+ exf5 20.
Qxa8 Qxc4 21. Qd5 Qf4+ 22. Kb1 Be6 23. Qd4+ Qxd4 24. Rxd4 Rc8 25. Rhd1 Rc5
26. Rd8 Ra5 27. Bb3 Bxb3 28. axb3 Rb5 29. R1d5 Rxb3 30. Rxf5 Rb4 31. Rd7 Rf4
32. Rxf4 gxf4 33. Rxa7 Kf6 34. Ra6 Kg5 35. Rxb6 Kxh5 36. Rf6 {Black resigns}
1-0

[Event "ICC tourney 1955 (60 10)"]
[Site "Internet Chess Club"]
[Date "2020.08.09"]
[Round "9"]
[White "justice02"]
[Black "goodcrowdchess"]
[Result "0-1"]
[ICCResult "White resigns"]
[WhiteElo "1801"]
[BlackElo "1631"]
[Opening "Ruy Lopez: closed, Bogolyubov variation"]
[ECO "C91"]
[NIC "RL.20"]
[Time "18:31:42"]
[TimeControl "3600+10"]

1. e4 e5 2. Nf3 Nc6 3. Bb5 a6 4. Ba4 Nf6 5. O-O Be7 6. Re1 b5 7. Bb3 d6 8.
c3 O-O 9. d4 Bg4 10. d5 Na5 11. Bc2 Rc8 12. Qd3 c6 13. Nbd2 Qc7 14. b3 cxd5
15. Bb2 d4 16. c4 bxc4 17. bxc4 Nxc4 18. Nxc4 Qxc4 19. Qxc4 Rxc4 20. Bd3 Rb4
21. Re2 Rfb8 22. Rb1 Be6 {White resigns} 0-1

[Event "ICC tourney 1955 (60 10)"]
[Site "Internet Chess Club"]
[Date "2020.08.09"]
[Round "9"]
[White "Leolix"]
[Black "Kausy"]
[Result "1-0"]
[ICCResult "Black resigns"]
[WhiteElo "1949"]
[BlackElo "1716"]
[Opening "QGD semi-Slav"]
[ECO "D43"]
[NIC "SL.03"]
[Time "18:31:47"]
[TimeControl "3600+10"]

1. d4 d5 2. c4 c6 3. Nf3 Nf6 4. Nc3 e6 5. Bg5 h6 6. Bxf6 Qxf6 7. e3 dxc4 8.
Bxc4 b5 9. Bd3 Bb7 10. a3 Bd6 11. b4 O-O 12. O-O Nd7 13. e4 e5 14. d5 cxd5
15. exd5 a6 16. Rc1 Rac8 17. Qe2 Rfe8 18. Nd2 Qe7 19. Nde4 Bb8 20. Rfd1 f5
21. Ng3 e4 22. Bb1 Qe5 23. Qh5 Nf6 24. Qg6 Rxc3 25. Rxc3 Qxc3 26. Nxf5 Qc7
27. d6 Qd7 28. Ba2+ Kh8 29. Nxh6 gxh6 30. Qxf6+ Qg7 31. d7 Rf8 32. Qxg7+
Kxg7 33. d8=Q {Black resigns} 1-0

[Event "ICC tourney 1955 (60 10)"]
[Site "Internet Chess Club"]
[Date "2020.08.09"]
[Round "9"]
[White "HR2005"]
[Black "Yucheng"]
[Result "0-1"]
[ICCResult "White resigns"]
[WhiteElo "2063"]
[BlackElo "1924"]
[Opening "Ruy Lopez: Anderssen variation"]
[ECO "C77"]
[NIC "RL.12"]
[Time "18:32:25"]
[TimeControl "3600+10"]

1. e4 e5 2. Nf3 Nc6 3. Bb5 a6 4. Ba4 Nf6 5. d3 b5 6. Bb3 Be7 7. Nc3 d6 8. a4
b4 9. Ne2 a5 10. h3 O-O 11. O-O h6 12. d4 exd4 13. Nexd4 Nxd4 14. Nxd4 Bd7
15. Re1 Rc8 16. Bf4 c5 17. Nf5 Bxf5 18. exf5 c4 19. Ba2 d5 20. c3 bxc3 21.
bxc3 Ne4 22. Be5 Bf6 23. Qd4 Bxe5 24. Qxe5 Re8 25. Qd4 Qf6 26. Qxd5 Nxc3 27.
Qxa5 Rxe1+ 28. Rxe1 Nxa2 29. Qd2 Nc3 30. Rc1 Nxa4 31. Qb4 Qc6 32. f6 Nb6 33.
fxg7 Nd5 34. Qe1 Nf4 35. f3 Nd3 {White resigns} 0-1

[Event "ICC tourney 1955 (60 10)"]
[Site "Internet Chess Club"]
[Date "2020.08.09"]
[Round "9"]
[White "kabirahmed"]
[Black "advaith06"]
[Result "0-1"]
[ICCResult "White resigns"]
[WhiteElo "1891"]
[BlackElo "2031"]
[Opening "Nimzo-Indian: 4.e3, Gligoric system with 7...dc"]
[ECO "E54"]
[NIC "NI.06"]
[Time "18:31:52"]
[TimeControl "3600+10"]

1. d4 Nf6 2. c4 e6 3. Nc3 Bb4 4. Nf3 O-O 5. e3 d5 6. Bd3 dxc4 7. Bxc4 c5 8.
O-O cxd4 9. Nxd4 a6 10. Qb3 Be7 11. Rd1 Qc7 12. Bd2 b5 13. Bd3 Bb7 14. Rac1
Ng4 15. f4 Qb6 16. Ne4 Nc6 17. Nxe6 Nxe3 18. Bxe3 Qxe3+ 19. Kh1 fxe6 20.
Qxe6+ Kh8 21. Rxc6 Bxc6 22. Qxc6 Rac8 23. Qd7 Rc1 24. Qg4 Qe1+ {White
resigns} 0-1

[Event "ICC tourney 1955 (60 10)"]
[Site "Internet Chess Club"]
[Date "2020.08.09"]
[Round "9"]
[White "PearsonH"]
[Black "FamilyFork"]
[Result "1-0"]
[ICCResult "Black resigns"]
[WhiteElo "1778"]
[BlackElo "1780"]
[Opening "Queen's pawn, Mason variation"]
[ECO "D00"]
[NIC "QP.08"]
[Time "18:31:35"]
[TimeControl "3600+10"]

1. d4 d5 2. Bf4 e6 3. e3 c5 4. c3 Nc6 5. Nd2 Nf6 6. Bd3 c4 7. Bc2 Bd6 8. Bg3
a6 9. e4 dxe4 10. Nxe4 Nxe4 11. Bxe4 Qc7 12. Qe2 Bxg3 13. hxg3 f5 14. Bc2
Ne7 15. Nf3 b5 16. Ne5 Bb7 17. Qh5+ g6 18. Nxg6 Nxg6 19. Qxg6+ Qf7 20. Qxf7+
Kxf7 21. f3 Rag8 22. Kf2 Rg7 23. Rh3 Rhg8 24. Rah1 Rxg3 25. Rxg3 Rxg3 26.
Kxg3 {Black resigns} 1-0

[Event "ICC tourney 1955 (60 10)"]
[Site "Internet Chess Club"]
[Date "2020.08.09"]
[Round "9"]
[White "Eric1127"]
[Black "ThunderingFish"]
[Result "1-0"]
[ICCResult "Black resigns"]
[WhiteElo "1674"]
[BlackElo "1876"]
[Opening "Sicilian: Scheveningen variation"]
[ECO "B80"]
[NIC "SI.19"]
[Time "18:32:44"]
[TimeControl "3600+10"]

1. e4 c5 2. Nf3 e6 3. d4 cxd4 4. Nxd4 Nf6 5. Nc3 d6 6. f3 Be7 7. Bc4 Nc6 8.
Be3 O-O 9. Qd2 a6 10. O-O-O Qc7 11. Bb3 Na5 12. g4 b5 13. h4 b4 14. Na4
Nxb3+ 15. axb3 d5 16. e5 Nd7 17. f4 Nc5 18. g5 Ne4 19. Qh2 Bd7 20. h5 Bxa4
21. bxa4 Qd7 22. b3 Rac8 23. g6 Qc7 24. Rd3 Nc5 25. Rdd1 f6 26. h6 Bd8 27.
Rdg1 Nxb3+ 28. Nxb3 Qc3 29. gxh7+ Kf7 30. Rxg7+ Ke8 31. Qh5+ {Black resigns}
1-0

[Event "ICC tourney 1955 (60 10)"]
[Site "Internet Chess Club"]
[Date "2020.08.09"]
[Round "9"]
[White "chessmilano"]
[Black "rohu333"]
[Result "1-0"]
[ICCResult "Black resigns"]
[WhiteElo "1493"]
[BlackElo "1807"]
[Opening "Queen's pawn: London system"]
[ECO "A45"]
[NIC "QP.07"]
[Time "18:33:41"]
[TimeControl "3600+10"]

1. d4 Nf6 2. Bf4 d6 3. Nf3 Nbd7 4. e3 g6 5. Bd3 Bg7 6. h4 h5 7. Nbd2 c5 8.
c3 a6 9. a4 O-O 10. O-O Re8 11. Qc2 Ng4 12. Ng5 e5 13. dxe5 dxe5 14. Bg3 Qe7
15. Qb3 Ndf6 16. Bxg6 Nh6 17. Rfd1 Bd7 18. Bc2 Bc6 19. Nc4 b5 20. axb5 axb5
21. Nxe5 Bd5 22. Qxb5 Rab8 23. Qe2 Qb7 24. Nd3 Bc4 {Black resigns} 1-0

[Event "ICC tourney 1955 (60 10)"]
[Site "Internet Chess Club"]
[Date "2020.08.09"]
[Round "9"]
[White "Zach-Ry"]
[Black "sushivishwa"]
[Result "1-0"]
[ICCResult "Black checkmated"]
[WhiteElo "1801"]
[BlackElo "1818"]
[Opening "Giuoco Piano"]
[ECO "C54"]
[NIC "IG.02"]
[Time "18:31:54"]
[TimeControl "3600+10"]

1. e4 e5 2. Nf3 Nc6 3. Bc4 Bc5 4. c3 Nf6 5. d3 d6 6. O-O a6 7. b4 Ba7 8. h3
h6 9. Nbd2 g5 10. Qb3 Qe7 11. Bd5 g4 12. hxg4 Bxg4 13. Bxc6+ bxc6 14. d4
Bxf3 15. Nxf3 Nxe4 16. dxe5 dxe5 17. Qc4 f5 18. Qxc6+ Kf7 19. Nd2 Ng3 20.
Qc4+ Kg7 21. Re1 Qd6 22. Qh4 e4 23. Nc4 Ne2+ 24. Kf1 Qd3 25. Qe7+ Kg6 26.
Ne5+ Kh5 27. Nxd3 exd3 28. Rxe2 dxe2+ 29. Qxe2+ Kg6 30. Qxa6+ Bb6 31. Qc4
Rhe8 32. Qc6+ Kf7 33. Qxh6 Rad8 34. Qh5+ Kg7 35. Bh6+ Kf6 36. Bg5+ Ke5 37.
Re1+ Kd5 38. Rd1+ Kc4 39. Rxd8 f4 40. Rxe8 c5 41. Qg4 cxb4 42. Qxf4+ Kb5 43.
Qxb4+ Kc6 44. Re6+ Kd7 45. Qd6+ Kc8 46. Qc6+ Kb8 47. Qxb6+ Kc8 48. Rc6+ Kd7
49. Qb7+ Ke8 50. Rc8# {Black checkmated} 1-0

[Event "ICC tourney 1955 (60 10)"]
[Site "Internet Chess Club"]
[Date "2020.08.09"]
[Round "9"]
[White "Monkeybomb3605"]
[Black "H2ODerp"]
[Result "1/2-1/2"]
[ICCResult "Game drawn by mutual agreement"]
[WhiteElo "1980"]
[BlackElo "2074"]
[Opening "French: Steinitz variation"]
[ECO "C11"]
[NIC "FR.04"]
[Time "18:32:35"]
[TimeControl "3600+10"]

1. e4 e6 2. d4 d5 3. Nc3 Nf6 4. e5 Nfd7 5. f4 c5 6. Nf3 Be7 7. Be3 b6 8. Qd2
Nc6 9. Be2 O-O 10. O-O f5 11. dxc5 Nxc5 12. Bb5 Bb7 13. Bxc6 Bxc6 14. Nd4
Qc8 15. Qe2 g6 16. g4 Kh8 17. Kh1 {Game drawn by mutual agreement} 1/2-1/2

[Event "ICC tourney 1955 (60 10)"]
[Site "Internet Chess Club"]
[Date "2020.08.09"]
[Round "9"]
[White "vikram251107"]
[Black "investigator"]
[Result "0-1"]
[ICCResult "White resigns"]
[WhiteElo "1941"]
[BlackElo "2112"]
[Opening "Pirc defense"]
[ECO "B07"]
[NIC "PU.08"]
[Time "18:32:08"]
[TimeControl "3600+10"]

1. e4 d6 2. d4 Nf6 3. Bd3 e5 4. c3 d5 5. dxe5 Nxe4 6. Nf3 Nc6 7. Nbd2 Nc5 8.
Nb3 Bg4 9. Bf4 Qd7 10. Nbd4 Nxd4 11. cxd4 Ne6 12. Be3 Bb4+ 13. Kf1 O-O 14.
a3 Ba5 15. h3 Bh5 16. Bxh7+ Kxh7 17. Ng5+ Kg6 18. g4 Nxg5 19. gxh5+ Kh7 20.
Bxg5 f6 21. Qd3+ Kh8 22. exf6 gxf6 23. Bh4 Rae8 24. Qg6 Qg7 25. Bxf6 Qxf6
{White resigns}
0-1

[Event "ICC tourney 1955 (60 10)"]
[Site "Internet Chess Club"]
[Date "2020.08.09"]
[Round "9"]
[White "albertyao"]
[Black "imranchamp"]
[Result "1-0"]
[ICCResult "Black checkmated"]
[WhiteElo "1951"]
[BlackElo "1658"]
[Opening "Sicilian: Pelikan, Chelyabinsk variation"]
[ECO "B33"]
[NIC "SI.37"]
[Time "18:32:15"]
[TimeControl "3600+10"]

1. e4 c5 2. Nf3 Nc6 3. d4 cxd4 4. Nxd4 Nf6 5. Nc3 e5 6. Ndb5 d6 7. Bg5 a6 8.
Na3 b5 9. Nd5 Be7 10. Bxf6 Bxf6 11. c3 O-O 12. Be2 Bg5 13. O-O Ne7 14. c4
Nxd5 15. cxd5 g6 16. Qd3 Bh6 17. Nc2 Bg7 18. Nb4 f5 19. f3 Bd7 20. Rac1 Rc8
21. Nc6 Bxc6 22. dxc6 Kh8 23. Kh1 Bh6 24. Rc2 f4 25. Rd1 Rf6 26. a4 bxa4 27.
Qxa6 Bf8 28. Qxa4 g5 29. Qa7 Rc7 30. Qa5 Rh6 31. Qxe5+ Kg8 32. Bc4+ Rf7 33.
Bxf7+ Kxf7 34. Qf5+ Kg8 35. c7 g4 36. cxd8=Q Rxh2+ 37. Kxh2 g3+ 38. Kg1 h5
39. Qdxf8# {Black checkmated} 1-0

[Event "ICC tourney 1955 (60 10)"]
[Site "Internet Chess Club"]
[Date "2020.08.09"]
[Round "9"]
[White "dabpacman"]
[Black "StevChess01"]
[Result "0-1"]
[ICCResult "White resigns"]
[WhiteElo "1526"]
[BlackElo "1903"]
[Opening "Sicilian: closed"]
[ECO "B23"]
[NIC "SI.44"]
[Time "18:32:18"]
[TimeControl "3600+10"]

1. e4 c5 2. Nc3 e6 3. f4 a6 4. Nf3 d6 5. Bc4 Nc6 6. d3 Nf6 7. O-O b5 8. Bb3
Be7 9. Bd2 O-O 10. Qe1 d5 11. a3 c4 12. Ba2 Bc5+ 13. Kh1 dxe4 14. dxe4 Bb7
15. e5 Nd5 16. Ne4 Be7 17. g4 Qb6 18. f5 exf5 19. gxf5 f6 20. Qg3 Nxe5 21.
Nxe5 fxe5 22. Rae1 Nf6 23. Qf3 Nxe4 24. Rxe4 Qd4 25. Rxd4 Bxf3+ 26. Rxf3
exd4 27. b3 Rac8 28. Rf4 Bg5 29. Rxd4 Bxd2 30. Rxd2 Rxf5 31. Rd6 Rf6 32.
Rxf6 gxf6 33. Kg2 Kf7 34. Kf3 f5 35. Ke3 Kf6 36. Kd4 Rd8+ 37. Ke3 cxb3 38.
Bxb3 Ke5 39. h3 Rd4 40. Bg8 h6 41. Bb3 Rh4 42. Kf2 Rxh3 43. Kg2 Rc3 44. Kf2
f4 45. Ke2 h5 {White resigns} 0-1

[Event "ICC tourney 1955 (60 10)"]
[Site "Internet Chess Club"]
[Date "2020.08.09"]
[Round "9"]
[White "mdbgaccp"]
[Black "VincentT2008"]
[Result "0-1"]
[ICCResult "White resigns"]
[WhiteElo "1791"]
[BlackElo "1874"]
[Opening "Ruy Lopez: Anderssen variation"]
[ECO "C77"]
[NIC "RL.12"]
[Time "18:31:38"]
[TimeControl "3600+10"]

1. e4 e5 2. Nf3 Nc6 3. Bb5 a6 4. Ba4 Nf6 5. d3 b5 6. Bb3 Be7 7. O-O d6 8. c3
O-O 9. h3 Na5 10. Bc2 c5 11. Re1 Qc7 12. d4 cxd4 13. cxd4 Nc6 14. d5 Nb4 15.
Bd3 Nxd3 16. Qxd3 Bd7 17. Na3 Rfc8 18. Be3 b4 19. Rac1 Qb7 20. Nc4 Bb5 21.
Nfd2 a5 22. Qb1 Nd7 23. b3 Nc5 24. Bxc5 Rxc5 25. Qd3 Qc7 26. Red1 a4 27. f4
f6 28. f5 axb3 29. axb3 Ra2 30. Ra1 Bxc4 31. Nxc4 Qa7 32. Rxa2 Qxa2 33. Qb1
Qa7 34. Qa1 Ra5+ {White resigns} 0-1

[Event "ICC tourney 1955 (60 10)"]
[Site "Internet Chess Club"]
[Date "2020.08.09"]
[Round "9"]
[White "tanker2"]
[Black "pika0008"]
[Result "1-0"]
[ICCResult "Black resigns"]
[WhiteElo "1865"]
[BlackElo "1592"]
[Opening "QGD semi-Slav: 5.e3"]
[ECO "D45"]
[NIC "SL.08"]
[Time "18:32:11"]
[TimeControl "3600+10"]

1. d4 d5 2. c4 c6 3. e3 Nf6 4. Nf3 e6 5. Nc3 Bd6 6. Qc2 O-O 7. g4 Nxg4 8.
Rg1 Nf6 9. Bd2 Re8 10. O-O-O Nbd7 11. e4 dxe4 12. Nxe4 Nxe4 13. Qxe4 Nf6 14.
Qh4 Be7 15. Bd3 g6 16. Ne5 Nd5 17. Qh3 Nf6 18. Nxg6 fxg6 19. Bxg6 hxg6 20.
Rxg6+ Kf7 21. Rdg1 Bf8 22. Bh6 Bxh6+ 23. Qxh6 Re7 24. Rxf6+ Ke8 25. Rf8+ Kd7
26. Rxd8+ Kxd8 27. Rg8+ Kc7 28. Rg7 Rxg7 29. Qxg7+ Kb6 30. h4 {Black
resigns} 1-0

[Event "ICC tourney 1955 (60 10)"]
[Site "Internet Chess Club"]
[Date "2020.08.09"]
[Round "9"]
[White "albli"]
[Black "pbalaji2008"]
[Result "1/2-1/2"]
[ICCResult "Game drawn by mutual agreement"]
[WhiteElo "1758"]
[BlackElo "1699"]
[Opening "French: Winawer, advance, 5.a3"]
[ECO "C17"]
[NIC "FR.10"]
[Time "18:32:44"]
[TimeControl "3600+10"]

1. e4 e6 2. d4 d5 3. Nc3 Bb4 4. e5 c5 5. a3 cxd4 6. Qxd4 Bxc3+ 7. Qxc3 Nc6
8. Qg3 g6 9. Nf3 Qc7 10. Bd3 Bd7 11. O-O O-O-O 12. c3 h6 13. Bd2 Nge7 14.
Rfe1 Rdg8 15. b4 Nf5 16. Bxf5 gxf5 17. Qf4 Rg4 18. Qe3 Kb8 19. g3 Ka8 20.
Qd3 Re4 21. Bf4 Rg8 22. Kh1 Rh8 23. Nd2 Rxe1+ 24. Rxe1 Ne7 25. Qd4 Ng6 26.
Be3 b6 27. f4 Rc8 28. Rc1 Bc6 29. Nb3 h5 30. h4 Bb5 31. Bd2 Qe7 32. Be1 Rc4
33. Qd2 Re4 34. Nd4 Bc4 35. a4 a6 36. b5 a5 37. Bf2 Qb7 38. Re1
{Game drawn by mutual agreement}
1/2-1/2